Map: 2000 Atmospheres LE

Players

Vanya - Winner!

  • Race: Zerg Zerg

uThermal

  • Race: Terran Terran

Event: DreamHack SC2 Masters 2021 Fall

VOD

Have the link to the VOD?

Description

Time

  • Played on: Aug. 1, 2021, 11:32 a.m.
  • Length: 19:22

All games in this series

Show
View Real Time Build Order
Export as new Build Order

Vanya Zerg - Winner!

Build Orders: Hatch First 

Get SALT Encoding   

  12  0:00  Drone  
  13  0:12  Overlord  
  13  0:16  Drone  
  14  0:31  Drone x2  
  16  0:48  Hatchery  
  15  0:51  Drone  
  15  0:54  Drone  
  17  0:57  Drone  
  18  1:09  Extractor  
  17  1:13  Spawning Pool  
  17  1:16  Drone  
  17  1:19  Drone  
  18  1:29  Drone  
  19  1:39  Drone  
  20  1:51  Drone  
  21  1:59  Queen  
  21  2:00  Queen, Zergling x4  
  27  2:11  Overlord  
  27  2:12  Drone  
  28  2:22  Hatchery  
  27  2:25  Drone  
  28  2:30  Drone  
  28  2:32  Drone  
  28  2:35  Drone  
  31  2:40  Queen  
  33  2:44  Metabolic Boost  
  33  2:50  Overlord  
  33  2:52  Drone  
  33  2:55  Drone  
  33  2:56  Drone  
  36  3:10  Drone x2  
  36  3:12  Drone x2  
  39  3:13  Drone  
  39  3:15  Overlord  
  39  3:18  Queen  
  41  3:22  Queen  
  43  3:34  Zergling x6  
  46  3:36  Queen  
  48  3:43  Drone x5  
  48  3:47  Drone x2  
  55  3:52  Drone x2  
  55  3:54  Overlord  
  57  3:58  Overlord  
  57  4:00  Drone  
  58  4:05  Overlord  
  58  4:15  Baneling Nest  
  58  4:16  Overlord  
  57  4:17  Drone x4  
  57  4:20  Queen  
  57  4:23  Zergling x2  
  57  4:24  Zergling x2  
  65  4:27  Zergling x6  
  65  4:30  Overlord  
  68  4:31  Drone  
  68  4:32  Drone  
  68  4:37  Drone x3  
  73  4:40  Lair  
  73  4:42  Drone  
  73  4:43  Extractor x2  
  73  4:45  Drone x2  
  74  4:50  Overlord  
  74  4:52  Drone x4  
  78  4:59  Overlord  
  78  5:01  Drone  
  78  5:02  Drone x3  
  78  5:04  Spore Crawler x2  
  78  5:06  Spore Crawler  
  79  5:08  Drone  
  79  5:09  Drone x2  
  79  5:12  Baneling x2  
  79  5:14  Zergling x6  
  85  5:17  Extractor  
  85  5:21  Drone  
  85  5:23  Extractor, Drone  
  85  5:24  Extractor, Drone  
  85  5:27  Drone  
  85  5:28  Drone x3  
  89  5:33  Zergling x6  
  92  5:39  Drone x4  
  92  5:40  Spire  
  92  5:42  Zergling x2  
  82  5:51  Drone x2  
  82  5:54  Drone  
  82  5:58  Drone  
  82  6:02  Drone  
  82  6:03  Drone x3  
  86  6:05  Drone x2  
  86  6:07  Zergling x10  
  91  6:13  Hatchery  
  91  6:17  Drone, Centrifical Hooks  
  91  6:18  Drone  
  92  6:22  Baneling x5  
  92  6:25  Evolution Chamber  
  91  6:27  Roach Warren  
  91  6:28  Drone x3  
  91  6:31  Drone x2  
  91  6:32  Drone x2  
  94  6:33  Zergling x2  
  93  6:44  Zergling x10  
  98  6:52  Zerg Missile Weapons Level 1  
  98  6:53  Corruptor  
  98  6:54  Corruptor x2  
  98  6:55  Overlord x2  
  98  7:00  Drone  
  105  7:04  Overlord  
  105  7:05  Corruptor  
  105  7:06  Glial Reconstitution  
  104  7:12  Overlord  
  104  7:13  Queen, Drone  
  104  7:14  Corruptor  
  109  7:20  Corruptor x2  
  113  7:24  Baneling x2  
  113  7:25  Baneling  
  113  7:31  Roach x6  
  125  7:41  Overlord  
  125  7:43  Corruptor x3  
  131  7:48  Overlord  
  131  7:49  Corruptor  
  133  7:54  Overlord x2  
  133  7:56  Roach  
  133  7:57  Roach x2  
  139  8:00  Overlord  
  139  8:03  Ravager  
  139  8:04  Ravager  
  139  8:05  Roach x3  
  147  8:11  Roach, Overlord  
  147  8:12  Roach x3  
  155  8:18  Overlord  
  155  8:19  Ravager x2  
  157  8:20  Zergling x2, Roach x3  
  164  8:28  Zergling x16  
  172  8:34  Overlord  
  172  8:40  Roach x6  
  174  8:46  Zergling x2  
  174  8:47  Zergling x12  
  178  8:52  Corruptor x2  
  178  8:55  Ravager x3  
  181  8:58  Zergling x8  
  181  9:02  Corruptor  
  187  9:04  Zergling x6  
  183  9:14  Zergling x4  
  183  9:15  Zergling x14  
  162  9:18  Zergling x8  
  152  9:25  Corruptor  
  152  9:26  Corruptor  
  152  9:29  Drone x5  
  148  9:40  Zerg Flyer Weapons Level 1  
  148  9:41  Drone x9  
  148  9:44  Extractor  
  155  9:52  Hatchery, Zerg Missile Weapons Level 2  
  154  9:59  Corruptor x3  
  156  10:06  Ravager x4  
  164  10:09  Extractor, Drone, Corruptor  
  164  10:14  Overlord  
  166  10:15  Corruptor  
  166  10:17  Zergling x16  
  166  10:20  Corruptor  
  177  10:31  Corruptor, Overlord  
  177  10:33  Zergling x14  
  177  10:34  Zergling x6  
  189  10:40  Overlord  
  188  10:43  Roach x5  
  188  10:49  Overlord  
  196  10:51  Roach x2  
  196  10:59  Ravager  
  196  11:00  Ravager x2  
  198  11:06  Infestation Pit  
  198  11:09  Drone x8  
  198  11:11  Zergling x6  
  200  11:17  Roach x10  
  185  11:21  Drone x4  
  189  11:31  Ravager x5  
  194  11:37  Drone x5  
  194  11:39  Zerg Flyer Weapons Level 2  
  199  11:43  Spine Crawler  
  199  11:44  Spine Crawler  
  173  11:54  Zergling x6  
  173  11:55  Zergling x26  
  180  12:01  Drone x7  
  180  12:06  Drone  
  180  12:07  Drone x3  
  182  12:14  Drone x8  
  188  12:17  Hive  
  188  12:30  Ravager x4  
  188  12:31  Ravager x7  
  188  12:34  Zerg Ground Armor Level 1  
  199  12:39  Hatchery  
  199  12:43  Overlord  
  172  12:53  Roach x14  
  172  12:58  Roach x4  
  176  13:09  Roach x9  
  185  13:23  Extractor x2, Pathogen Glands  
  185  13:26  Zergling x10  
  185  13:27  Zergling x22  
  199  13:30  Evolution Chamber  
  199  13:31  Evolution Chamber  
  197  13:34  Drone x2  
  154  13:48  Roach  
  154  13:49  Roach x4  
  154  13:52  Drone x3  
  165  13:55  Adrenal Glands  
  165  13:57  Spine Crawler  
  165  13:58  Corruptor x3  
  165  13:59  Spore Crawler, Spine Crawler  
  168  14:11  Corruptor x5  
  176  14:24  Greater Spire  
  176  14:30  Drone x2  
  170  14:34  Drone x3  
  170  14:36  Drone x2  
  168  14:44  Drone x2  
  169  14:45  Extractor  
  169  14:46  Zerg Melee Weapons Level 1  
  169  14:47  Zerg Missile Weapons Level 3, Zerg Ground Armor Level 2  
  169  14:52  Extractor  
  167  14:55  Zergling x14  
  167  14:57  Baneling  
  167  14:58  Baneling x11  
  172  15:01  Neural Parasite  
  172  15:03  Burrow  
  163  15:07  Drone x3  
  163  15:08  Drone  
  163  15:11  Infestor x3  
  173  15:20  Zergling x2  
  174  15:33  Infestor x3  
  180  15:37  Zergling x2, Zerg Flyer Armor Level 1  
  180  15:38  Zergling x38  
  196  16:02  Zergling x2  
  196  16:03  Zergling x12  
  199  16:19  Roach x8  
  193  16:26  Roach x2  
  193  16:27  Roach x2  
  193  16:30  Ravager x6  
  193  16:31  Ravager x2  
  175  16:43  Infestor x3  
  175  16:47  Ravager x3  
  175  16:49  Zergling x2, Roach x10  
  175  16:50  Zergling x16  
  175  16:51  Zerg Melee Weapons Level 2  
  172  17:13  Hatchery  
  171  17:16  Ravager x14  
  171  17:17  Roach x7  
  197  17:25  Roach  
  197  17:26  Roach x3  
  191  17:33  Roach  
  191  17:34  Roach x11  
  183  17:41  Roach x3  
  183  17:42  Roach x2  
  189  17:47  Roach  
  189  17:48  Roach x2  
  187  17:54  Ravager x6  
  187  17:56  Zergling x4  
  187  17:58  Queen x2  
  195  18:01  Drone  
  200  18:09  Zergling x4  
  188  18:22  Drone  
  188  18:23  Drone x7  
  193  18:32  Hatchery  
  188  18:36  Extractor  
  188  18:40  Extractor  
  176  18:43  Infestor  
  176  18:44  Infestor x3  
  196  18:48  Ravager x15  
  196  18:51  Drone x3  
Show
View Real Time Build Order
Export as new Build Order

uThermal Terran 

Build Orders: Hellion Opening, Mech 

Get SALT Encoding   

  12  0:00  SCV  
  13  0:12  SCV  
  14  0:16  Supply Depot  
  14  0:24  SCV  
  15  0:38  SCV  
  15  0:39  Barracks  
  15  0:42  Refinery  
  16  0:50  SCV  
  17  1:02  SCV  
  18  1:14  SCV  
  19  1:26  Marine  
  19  1:27  Orbital Command  
  20  1:39  Command Center  
  20  1:49  Factory  
  20  1:53  SCV  
  21  2:01  Barracks Reactor  
  21  2:05  SCV  
  21  2:08  Supply Depot  
  22  2:12  Refinery  
  22  2:17  SCV  
  24  2:30  SCV  
  24  2:39  Starport  
  24  2:42  SCV  
  24  2:43  Hellion x2  
  29  2:51  Orbital Command  
  29  2:54  SCV  
  30  3:04  Hellion x2  
  34  3:07  SCV  
  35  3:15  Fusion Core  
  35  3:16  SCV  
  35  3:19  SCV  
  37  3:25  Viking  
  39  3:29  SCV  
  39  3:31  Supply Depot  
  39  3:33  SCV  
  41  3:36  Barracks Tech Lab  
  41  3:42  SCV  
  41  3:46  SCV, Hellion  
  45  3:53  Hellion  
  47  3:55  Supply Depot, SCV  
  47  3:58  SCV  
  49  4:08  SCV, Command Center  
  50  4:10  SCV  
  51  4:23  Battlecruiser  
  57  4:24  SCV  
  57  4:26  SCV  
  59  4:34  Supply Depot  
  59  4:36  Refinery, SCV  
  59  4:38  Refinery  
  60  4:39  SCV, Supply Depot  
  61  4:48  SCV  
  62  4:55  SCV  
  62  4:56  Hellion x2  
  67  5:00  SCV  
  67  5:04  Factory  
  67  5:05  Factory  
  68  5:07  SCV  
  68  5:12  SCV  
  70  5:17  Hellion x2  
  70  5:19  SCV  
  75  5:25  SCV  
  76  5:30  Battlecruiser  
  76  5:31  Engineering Bay  
  76  5:32  SCV  
  83  5:37  SCV  
  83  5:39  Supply Depot  
  83  5:41  Supply Depot, Hellion  
  88  5:42  Hellion  
  88  5:44  SCV  
  88  5:47  SCV  
  88  5:49  SCV  
  87  5:52  Factory Tech Lab x2  
  87  5:56  SCV  
  76  6:00  Orbital Command  
  76  6:01  SCV  
  77  6:07  Hellion x2  
  77  6:08  SCV  
  82  6:12  Siege Tank x2  
  82  6:13  SCV  
  89  6:20  SCV  
  89  6:21  Armory  
  89  6:22  Armory  
  89  6:23  Refinery  
  89  6:24  Refinery  
  90  6:26  SCV x2  
  90  6:30  Hellion  
  90  6:31  Hellion  
  90  6:32  SCV  
  97  6:37  Supply Depot  
  97  6:38  SCV x2  
  99  6:44  SCV  
  99  6:46  Siege Tank  
  99  6:47  Siege Tank  
  106  6:50  SCV  
  106  6:51  SCV  
  106  6:52  Supply Depot  
  108  6:57  SCV  
  108  6:59  Hellion x2  
  113  7:02  SCV, Supply Depot  
  113  7:06  Weapon Refit  
  114  7:10  Terran Vehicle Weapons Level 1, Terran Vehicle And Ship Armor Level 1  
  114  7:12  SCV  
  115  7:20  Missile Turret x2  
  115  7:24  Battlecruiser  
  115  7:26  SCV  
  115  7:28  Missile Turret  
  122  7:30  SCV  
  122  7:31  Supply Depot  
  123  7:37  Cyclone x2  
  123  7:43  Supply Depot, Hellion  
  131  7:48  Missile Turret  
  131  7:52  Hellion  
  131  7:54  Missile Turret  
  131  7:55  SCV  
  134  8:03  SCV  
  135  8:05  Factory  
  135  8:07  Factory  
  135  8:10  Supply Depot  
  135  8:11  Siege Tank x2  
  141  8:15  Hellion x2  
  141  8:19  Supply Depot  
  145  8:26  Infernal Pre-Igniter, Smart Servos  
  145  8:33  Command Center  
  145  8:37  Hellion  
  131  8:43  Siege Tank x2  
  131  8:44  Hellion  
  135  8:54  Factory Reactor, Factory Tech Lab  
  135  8:55  SCV  
  136  8:57  Missile Turret  
  136  9:05  Terran Vehicle Weapons Level 2  
  136  9:06  Hellion  
  136  9:07  Hellion  
  136  9:08  Terran Vehicle And Ship Armor Level 2  
  140  9:12  Hellion  
  140  9:15  Siege Tank  
  140  9:16  Hellion  
  108  9:28  Hellion x2  
  100  9:33  SCV, Siege Tank  
  100  9:37  Hellion  
  100  9:40  Hellion  
  100  9:41  SCV x2, Hellion  
  100  9:45  SCV  
  107  9:46  Refinery  
  107  9:47  Siege Tank  
  107  9:52  Hellion x2  
  114  9:53  SCV  
  115  10:00  Siege Tank  
  115  10:03  SCV x2  
  115  10:05  SCV  
  121  10:09  Siege Tank  
  121  10:10  Hellion  
  130  10:14  Hellion x2  
  130  10:16  Hellion  
  132  10:28  Command Center  
  132  10:31  Hellion  
  134  10:37  Siege Tank  
  134  10:41  Siege Tank  
  140  10:44  Hellion  
  140  10:48  Hellion x2  
  146  10:52  Siege Tank, Hellion  
  145  10:58  Supply Depot  
  145  10:59  Supply Depot  
  145  11:02  Supply Depot  
  143  11:05  Hellion  
  143  11:09  Hellion  
  143  11:11  Hellion  
  149  11:17  Siege Tank, Hellion x4  
  145  11:22  Cyclone  
  145  11:23  Terran Vehicle Weapons Level 3  
  148  11:30  Missile Turret  
  148  11:34  Terran Vehicle And Ship Armor Level 3  
  148  11:46  Thor  
  152  11:52  Hellion x4  
  143  11:55  Thor  
  136  12:04  Thor  
  142  12:12  SCV  
  142  12:13  Hellion x3  
  143  12:17  SCV  
  143  12:20  SCV  
  143  12:25  Sensor Tower  
  143  12:30  Thor  
  143  12:31  SCV x2  
  143  12:32  SCV  
  152  12:42  Thor  
  152  12:43  SCV  
  157  12:51  Thor  
  151  12:55  Hellion  
  114  13:10  Hellion x2  
  114  13:11  Battlecruiser  
  124  13:19  Siege Tank  
  129  13:20  Hellion  
  129  13:23  SCV  
  129  13:27  Hellion  
  132  13:28  Planetary Fortress  
  132  13:29  Hellion x2  
  132  13:34  Refinery  
  132  13:36  Refinery  
  132  13:37  Hellion  
  132  13:41  Hellion  
  116  13:52  Hellion, Siege Tank x2  
  116  13:53  SCV  
  116  13:54  Missile Turret  
  125  14:00  Hellion x2  
  125  14:02  Hellion, Siege Tank  
  134  14:11  Command Center  
  134  14:14  Hellion  
  136  14:21  Battlecruiser  
  138  14:24  Hellion  
  138  14:25  SCV, Hellion  
  138  14:27  Hellion, Siege Tank  
  149  14:38  Hellion, Siege Tank  
  149  14:40  SCV  
  149  14:44  Command Center  
  146  14:48  Supply Depot  
  152  14:52  Supply Depot, Hellion  
  152  14:53  Supply Depot, Hellion x2  
  152  15:00  Hellion, Siege Tank  
  152  15:02  Hellion  
  153  15:11  Terran Ship Weapons Level 1  
  153  15:13  Siege Tank  
  152  15:16  Sensor Tower, Hellion  
  152  15:19  Hellion  
  156  15:22  Hellion  
  158  15:34  Thor  
  158  15:35  Hellion  
  166  15:39  SCV x2  
  168  15:47  Missile Turret  
  168  15:48  Hellion, Siege Tank  
  173  15:54  Planetary Fortress  
  173  16:03  Hellion x2  
  173  16:09  Refinery, Hellion  
  173  16:10  Refinery  
  175  16:11  Hellion  
  175  16:20  Thor  
  175  16:23  Hellion, Siege Tank  
  165  16:40  Hellion  
  165  16:42  SCV  
  165  16:44  Thor  
  173  16:47  Hellion  
  173  16:50  Hellion  
  177  16:54  Hellion  
  177  16:55  Thor  
  179  17:03  Thor  
  178  17:15  Hellion  
  178  17:16  Hellion  
  178  17:18  SCV  
  179  17:27  Siege Tank  
  176  17:33  Hellion  
  176  17:35  Hellion  
  170  17:38  Siege Tank  
  170  17:40  Hellion  
  170  17:41  Hellion  
  170  17:43  Planetary Fortress  
  171  17:45  SCV  
  171  17:46  Siege Tank  
  171  17:50  Missile Turret  
  171  17:54  Hellion  
  171  17:57  SCV, Hellion  
  176  18:01  SCV x2  
  176  18:05  Hellion, Siege Tank  
  175  18:19  SCV  
  174  18:24  Siege Tank  
  175  18:30  Hellion x9  
  175  18:38  Siege Tank  
  175  18:39  Hellion x2  
  134  18:50  Command Center  
  134  18:51  Hellion  
  134  18:54  Hellion  

Tags
 
Add a new tag
Caveats
  • Supply blocks, unpowered buildings, or Contaminate may cause inaccurate times.
  • Supply counts are checked every 10 seconds.